Map: Interloper LE

Players

Barcode

  • Race: Zerg Zerg
  • League: Master
  • Spawn Location: 5:00

Ascarecrow - Winner!

  • Race: Zerg Zerg
  • League: Master
  • Spawn Location: 11:00

VOD

Have the link to the VOD?

Description

Time

  • Played on: Oct. 9, 2017, 1:48 a.m.
  • Length: 7:06
Show
View Real Time Build Order
Export as new Build Order

Barcode Zerg 

Build Orders: Pool First 

Get SALT Encoding   

  12  0:01  Drone  
  13  0:07  Extractor  
  12  0:25  Spawning Pool  
  11  0:30  Drone  
  11  0:35  Drone  
  13  0:41  Drone  
  14  0:53  Overlord  
  14  1:12  Metabolic Boost  
  14  1:14  Zergling x4  
  14  1:15  Zergling x2  
  17  1:25  Zergling x2  
  18  1:33  Queen  
  18  1:37  Zergling x2  
  21  1:51  Zergling x2  
  22  2:03  Hatchery  
  21  2:15  Zergling x2  
  22  2:31  Roach Warren  
  17  2:38  Zergling x2  
  17  2:39  Zergling x4  
  19  3:16  Overlord  
  19  3:17  Roach x3  
  19  3:18  Roach  
  27  3:35  Overlord  
  27  3:37  Roach  
  27  3:39  Zergling x4  
  31  3:43  Zergling x2  
  33  3:48  Zergling x2  
  33  3:57  Zergling x4  
  35  4:03  Extractor  
  35  4:04  Zergling x2  
  35  4:10  Zergling x2  
  35  4:18  Zergling x2  
  31  4:32  Zergling x10  
  29  4:46  Zergling x6  
  25  4:58  Drone x3  
  25  5:07  Drone  
  26  5:26  Overlord  
  23  5:45  Roach  
  23  5:46  Roach x3  
  31  5:50  Roach  
  33  6:00  Zergling x6  
  33  6:01  Zergling x2  
  37  6:05  Zergling x2  
  37  6:08  Zergling x2  
  39  6:15  Zergling x4  
  39  6:16  Zergling x2  
  42  6:20  Zergling x2  
  42  6:38  Zergling x8  
  41  6:44  Zergling x2  
  41  6:45  Zergling x2  
Show
View Real Time Build Order
Export as new Build Order

Ascarecrow Zerg - Winner!

Build Orders: Pool First 

Get SALT Encoding   

  12  0:01  Drone  
  13  0:08  Extractor  
  12  0:25  Spawning Pool  
  11  0:29  Drone  
  11  0:34  Drone  
  13  0:39  Drone  
  14  0:51  Overlord  
  14  1:13  Zergling x6  
  14  1:17  Metabolic Boost  
  17  1:27  Zergling x2  
  18  1:35  Zergling x2  
  19  1:49  Hatchery  
  19  1:50  Zergling x2  
  19  1:59  Zergling x2  
  20  2:09  Queen  
  21  2:24  Overlord  
  21  2:36  Zergling x4  
  21  2:43  Zergling x2  
  22  3:10  Drone  
  22  3:11  Queen x2, Drone x2  
  27  3:18  Drone x2  
  28  3:33  Drone  
  28  3:34  Drone x3  
  32  3:44  Zergling x2  
  32  3:45  Zergling x4  
  32  3:46  Overlord  
  34  4:00  Spine Crawler  
  33  4:04  Spine Crawler  
  33  4:09  Zergling x2  
  33  4:10  Zergling x8  
  35  4:19  Zergling x2  
  35  4:26  Zergling x4  
  35  4:27  Zergling x4  
  33  4:39  Zergling x2  
  33  4:40  Zergling x2  
  32  4:48  Drone x2  
  34  4:59  Drone x2  
  38  5:00  Drone x2  
  38  5:05  Drone  
  38  5:06  Drone x2  
  41  5:10  Overlord  
  41  5:11  Evolution Chamber  
  41  5:14  Zergling x2  
  41  5:23  Drone x2  
  40  5:45  Zergling x16  
  48  5:52  Overlord x2  
  48  6:02  Drone x4  
  52  6:23  Zergling x10, Hatchery  
  53  6:34  Zergling x2  
  53  6:35  Zergling x12  
  59  6:44  Zergling x2  
  59  6:45  Zergling x2  
Tags
 
Add a new tag
Caveats
  • Supply blocks, unpowered buildings, or Contaminate may cause inaccurate times.
  • Supply counts are checked every 10 seconds.